 Dungeon Crawl Stone Soup version 0.20.0-8-g6b59dc7 (console) character file.

28 uvhash the Sneak (level 3, 0/21 HPs)
             Began as a Halfling Enchanter on June 1, 2017.
             Succumbed to a kobold's poison
             ... on level 1 of the Dungeon.
             The game lasted 00:06:43 (382 turns).

uvhash the Sneak (Halfling Enchanter)                Turns: 382, Time: 00:06:43

Health: 0/21       AC:  2    Str:  9    XL:     3   Next: 30%
Magic:  1/5        EV: 15    Int: 14    God:
Gold:   20         SH:  0    Dex: 14    Spells: 2/5 levels left

rFire    . . .     SeeInvis .   a - +1 dagger
rCold    . . .     Gourm    .   (shield restricted)
rNeg     . . .     Faith    .   b - +0 robe
rPois    .         Spirit   .   (no helmet)
rElec    .         Reflect  .   (no cloak)
rCorr    .         Harm     .   (no gloves)
MR       .....                  (no boots)
Stlth    ++........             (no amulet)
Regen    0.1/turn               (no ring)
MPRegen  0.1/turn               (no ring)

@: lethally poisoned (0 -> -21), very slightly contaminated, hasted, very quick
A: mutation resistance 1
a: no special abilities


You were on level 1 of the Dungeon.
You were not hungry.

You visited 1 branch of the dungeon, and saw 1 of its levels.

You collected 20 gold pieces.

Inventory:

Hand Weapons
 a - a +1 dagger (weapon)
 h - a +4 hunting sling
Armour
 b - a +0 robe (worn)
Scrolls
 i - 3 scrolls of identify {unknown}
Books
 c - a book of Maledictions

   Spells                             Type                      Level
   a - Corona                         Hexes                        1
   b - Ensorcelled Hibernation        Hexes/Ice                    2
   c - Confuse                        Hexes                        3
   d - Tukima's Dance                 Hexes                        3
   e - Dazzling Spray                 Conjuration/Hexes            3
Comestibles
 d - a bread ration


   Skills:
 + Level 1.6 Short Blades
 - Level 2.1 Dodging
 + Level 3.7 Stealth
 - Level 1.5 Spellcasting
 * Level 3.0 Hexes


You had 2 spell levels left.
You knew the following spells:

 Your Spells              Type           Power        Failure   Level  Hunger
a - Corona                Hex            #......      7%          1    ##.....
b - Ensorcelled Hibernat  Hex/Ice        #.....       21%         2    ###....


Dungeon Overview and Level Annotations

Branches:
Dungeon (1/15)

Altars:

Annotations:
D:1 1 runed door


Innate Abilities, Weirdness & Mutations

You are small and have problems with some larger weapons.
You are somewhat resistant to further mutation.


Message History

It was a potion of haste.
You feel yourself speed up.
* * * LOW HITPOINT WARNING * * *
You feel sick.
The kobold hits you with a dagger of venom.
* * * LOW HITPOINT WARNING * * *
You are more poisoned.
Unknown command.
Unknown command.
As you read the scroll labeled ZASKUA YZARI, it crumbles to dust.
You hear a loud clanging noise!
It was a scroll of noise.
* * * LOW HITPOINT WARNING * * *
You feel sick.
You hear a bark! x2
As you read the scroll labeled KOZXOI AFREOTSU, it crumbles to dust.
It is a scroll of amnesia.
Forget which spell ([?*] list [ESC] exit)?
Forget which spell ([?*] list [ESC] exit)?
Okay, then.
You die...

.#..###.......)................#
....÷..........#......####.....#
......#........#......# #.....#
.....>#..............# ###.....##
......#.....(..#.....###.........
>.....####†##(.#.................
.....>.........(...#..##†........
......#####....K...##..#.........
......# #.....@...#..#.........
......# #.......#.......#######
......## #........##........#
.......# #...........#.....##
.#...#.####..............)..#
.###.......................##
†.#.................##...###
...[................###..#
............#...#...###..#


You could see a kobold.

Vanquished Creatures
  An ooze (D:1)
  2 leopard geckos (D:1)
  A giant cockroach (D:1)
  2 goblins (D:1)
  A hobgoblin (D:1)
  3 kobolds (D:1)
  A ball python (D:1)
  4 bats (D:1)
  4 frilled lizards (D:1)
  2 rats (D:1)
21 creatures vanquished.

Notes
Turn   | Place    | Note
-------+----------+-------------------------------------------
     0 | D:1      | uvhash the Halfling Enchanter began the quest for the Orb.
     0 | D:1      | Reached XP level 1. HP: 11/11 MP: 3/3
     1 | D:1      | Found a runed door.
    19 | D:1      | Reached XP level 2. HP: 17/17 MP: 2/4
    76 | D:1      | Learned a level 2 spell: Ensorcelled Hibernation
   188 | D:1      | Reached XP level 3. HP: 21/21 MP: 2/5
   381 | D:1      | HP: 1/21 [poisoned by a kobold]
   382 | D:1      | Succumbed to a kobold's poison

Skill      XL: |  1  2  3 |
---------------+----------+-----
Hexes          | 3 |  3.0
Short Blades   | |  1.6
Dodging        | |  2.1
Stealth        | |  3.7
Spellcasting   | |  1.5

Action                   || total
-------------------------++-------
Melee: Dagger            ||    63
Throw: Tomahawk          ||     2
       Throwing net      ||     1
 Cast: Corona            ||    19
  Use: Scroll            ||     2
       Potion            ||     1
 Stab: Sleeping          ||     7
Armor: Robe              ||    12
Dodge: Dodged            ||    42
